 Dungeon Crawl Stone Soup version 0.31-a0-986-g5e6e4ef867 (webtiles) character file.

Game seed: 16788040973991230388

21 sammy202020 the Shield-Bearer (level 2, 24/24 HPs)
             Began as a Minotaur Fighter on Nov 10, 2023.
             Quit the game on level 1 of the Dungeon.
             The game lasted 00:01:13 (1033 turns).

sammy202020 the Shield-Bearer (Minotaur Fighter)    Turns: 1033, Time: 00:01:13

Health: 24/24      AC:  7    Str: 19    XL:     2   Next: 65%
Magic:  1/1        EV:  9    Int:  9    God:
Gold:   97         SH:  4    Dex:  8    Spells: 1/1 levels left

rFire   . . .        a - +0 flail
rCold   . . .        c - +0 buckler
rNeg    . . .        b - +0 scale mail
rPois   .            (helmet restricted)
rElec   .            (no cloak)
rCorr   .            (no gloves)
SInv    .            (no boots)
Will    .....        (no amulet) Stlth
                     (no ring)
HPRegen 0.24/turn    (no ring)
MPRegen 0.07/turn

%: no passive effects
@: no status effects
A: horns 2, retaliatory headbutt, clever 1, frail 1
a: no special abilities


You were on level 1 of the Dungeon.
You visited 1 branch of the dungeon, and saw 1 of its levels.

You collected 97 gold pieces.

Inventory:

Hand Weapons
 a - a +0 flail (weapon)
Armour
 b - a +0 scale mail (worn)
 c - a +0 buckler (worn)
Jewellery
 e - a ring of fire
Scrolls
 f - a scroll of identify
Potions
 d - a potion of might


   Skills:
 * Level 3.9 Fighting
 + Level 0.5(1.8) Axes
 * Level 2.7(2.8) Maces & Flails
 * Level 3.9 Armour
 + Level 0.6 Dodging
 * Level 3.9 Shields


You had one spell level left.
You didn't know any spells.
Your spell library contained the following spells:

 Spells                   Type           Power      Damage    Failure   Level
 Freeze                   Ice            0%         1d3       83%         1
 Frozen Ramparts          Ice            0%         1d1       99%         3
 Hailstorm                Conj/Ice       0%         3d3       99%         3
 Ozocubu's Armour         Ice            0%         N/A       99%         3
 Ozocubu's Refrigeration  Ice            0%         4d7       100%        7


Dungeon Overview and Level Annotations

Branches:
Dungeon (1/15)

Altars:


Innate Abilities, Weirdness & Mutations

You have a pair of horns on your head.
You reflexively headbutt those who attack you in melee.
Your mind is acute. (Int +4, Str/Dex -1)
You are frail. (-10% HP)


Message History

You enter the shallow water.
Moving in this stuff is going to be slow.
There is an open door here.
There is an open door here.
There is an open door here.
Key pressed, stopping explore.
No target in view!
No target in view!
No target in view!
No target in view!
No target in view!
No target in view!
No target in view!
No target in view!
No target in view!
No target in view!
There is an open door here.
You now have 97 gold pieces (gained 13).
There is an open door here.
Done exploring.
Done exploring.
No target in view!
No target in view!
Done exploring.
Done exploring.
Done exploring.
As you read the scroll labelled JERPHU WOMI, it crumbles to dust.
It is a scroll of identify.
g - a potion of mutation The air fills with toxic fumes!
As you read the scroll labelled SEHOAM FYILUMAMI, it crumbles to dust.
It was a scroll of poison.
You start waiting.
Done waiting.
You start waiting.
Done waiting.
You feel extremely strange.
You feel frail.
You feel clever.
Sorry, you're not good enough to have a special ability.
Are you sure you want to abandon this character and quit the game? (Confirm with "yes".)

#.........#
#.........#
#.........#
########'######
#........# #.#########
########'#####.).#
#............#...#####
#......@.....'...'...#
#............#...###.#
#............#...# #.#
#............#...# #.#
#...(........#...# #.#
#............#...# #.#
##############...# #.#
#...# #.# ### #...#
#.#


There were no monsters in sight!

Vanquished Creatures
  2 dart slugs (D:1)
  An endoplasm (D:1)
  A goblin (D:1)
  2 hobgoblins (D:1)
  3 kobolds (D:1)
  2 ball pythons (D:1)
  3 bats (D:1)
  A frilled lizard (D:1)
  2 rats (D:1)
17 creatures vanquished.

Notes
Turn   | Place    | Note
-------+----------+-------------------------------------------
     0 | D:1      | sammy202020 the Minotaur Fighter began the quest for the
                  | Orb.
     0 | D:1      | Reached XP level 1. HP: 19/19 MP: 0/0
   255 | D:1      | Reached XP level 2. HP: 27/27 MP: 1/1
  1032 | D:1      | Gained mutation: You are frail. (-10% HP) [potion of
                  | mutation]
  1032 | D:1      | Gained mutation: Your mind is acute. (Int +4, Str/Dex -1)
                  | [potion of mutation]
  1033 | D:1      | Quit the game

Illustrated notes

Levels and vault maps discovered:
D:1:      ldierk_walled_garden_2, layout_basic

Action                     || total
---------------------------++-------
  Melee: Flail             ||    32
         Headbutt          ||     7
    Use: Scroll            ||     2
         Potion            ||     1
 Armour: Scale mail        ||    23
  Dodge: Dodged            ||    15
  Block: Buckler           ||     9

Table legend: (Time is in decaauts)
 A = Elapsed time spent in this place.
 B = Non-inter-level travel time spent in this place.
 C = Inter-level travel time spent in this place.
 D = Time resting spent in this place.
 E = Time spent auto-exploring this place.
 F = Levels seen in this place.
 G = Mean time per level.
                   A        B        C        D        E       F      G
               +--------+--------+--------+--------+--------+-----+--------+
         Total |   1046 |   1046 |      0 |    200 |    749 |   1 | 1046.0 |
       Dungeon |   1046 |   1046 |      0 |    200 |    749 |   1 | 1046.0 |
               +--------+--------+--------+--------+--------+-----+--------+

Top non-repeatable levels by time:
     D:1: 1046 daAuts
